 Dungeon Crawl Stone Soup version 0.31-a0-152-g6aa68a64a1 (webtiles) character file.

Game seed: 13285802440955449911

1191 qw the Chopper (level 8, -1/49 HPs)
             Began as a Gargoyle Fighter on June 11, 2023.
             Slain by Menkaure (6 damage)
             ... on level 6 of the Dungeon.
             The game lasted 00:02:22 (4822 turns).

qw the Chopper (Gargoyle Fighter)                   Turns: 4822, Time: 00:02:22

Health: -1/49      AC: 20    Str: 21    XL:     8   Next: 43%
Magic:  8/8        EV:  8    Int: 10    God:
Gold:   113        SH:  4    Dex:  9    Spells: 7/7 levels left

rFire   . . .        Y - +0 war axe
rCold   . . .        c - +0 buckler
rNeg    + . .        m - +0 chain mail
rPois   inf          (no helmet)
rElec   +            (no cloak)
rCorr   .            e - +1 pair of gloves
SInv    +            (no boots)
Will    .....        (no amulet) Stlth
                     g - ring of see invisible
HPRegen 0.28/turn    b - +4 ring of protection
MPRegen 0.11/turn

%: no passive effects
@: no status effects
A: sickness immunity, AC +5, negative energy resistance 1, electricity
resistance, torment resistance 1, petrification resistance
a: no special abilities


You were on level 6 of the Dungeon.
You visited 1 branch of the dungeon, and saw 6 of its levels.

You collected 308 gold pieces.
You spent 195 gold pieces at shops.


Innate Abilities, Weirdness & Mutations

You are immune to sickness and miasma.
Your stone body is resilient. (AC +5)
You are immune to poison.
You resist negative energy. (rN+)
You are resistant to electric shocks. (rElec)
You are resistant to unholy torment.
You are immune to petrification.


   Skills:
 - Level 5.2 Fighting
 + Level 7.5 Axes
 - Level 2.5 Throwing
 - Level 3.2 Armour
 - Level 2.0 Dodging
 - Level 3.2 Shields


You had 7 spell levels left.
You didn't know any spells.
Your spell library was empty.

Inventory:

Hand Weapons
 f - a +0 flail
 Y - a +0 war axe (weapon)
Missiles
 j - 6 javelins
Armour
 c - a +0 buckler (worn)
 e - a +1 pair of gloves (worn)
 m - a +0 chain mail (worn)
Jewellery
 b - a +4 ring of protection (right hand)
 g - a ring of see invisible (left hand)
Scrolls
 i - 2 scrolls of identify
Potions
 a - 3 potions of curing
 d - a potion of might
 k - a potion of resistance
 n - a potion of mutation

Dungeon Overview and Level Annotations

Branches:
Dungeon (6/15)
 Temple: D:4-7

Altars:
Okawaru

Shops:
D:3 [   D:4 =

Annotations:
D:3 1 runed translucent door, qw's ghost, amateur GrHu
D:6 Menkaure


Message History

Menkaure is heavily damaged.
You barely miss Menkaure.
Menkaure is heavily damaged.
Menkaure closely misses you.
You barely miss Menkaure.
Menkaure is heavily damaged.
Menkaure gestures wildly while chanting.
Menkaure seems to speed up.
You barely miss Menkaure.
Menkaure is heavily damaged.
Menkaure barely misses you. Menkaure hits you!
You hit Menkaure but do no damage.
Menkaure is heavily damaged.
Menkaure hits you but does no damage.
You barely miss Menkaure.
Menkaure is heavily damaged.
Menkaure casts a spell at you. Pain shoots through your body!
Menkaure hits you!
4817 ||| DRINKING potion of heal wounds.
You feel much better. Menkaure hits you but does no damage.
You hit Menkaure.
Menkaure is severely damaged.
Menkaure hits you but does no damage.
You hit Menkaure.
Menkaure is almost destroyed.
Menkaure hits you.
Menkaure calls on the powers of darkness!
Your body is wracked with pain!
You barely miss Menkaure.
Menkaure is almost destroyed.
Menkaure hits you!
You hit Menkaure.
Menkaure is almost destroyed.
Menkaure barely misses you.
You hit Menkaure.
Menkaure is almost destroyed.
Menkaure murmurs a few words.
Menkaure hits you.
You die...

#....######
....##...##. ##
#....+..... .. ..
#....#...# .7 ...
#...##...# ..
...##...##...#.7.7.7
............@M...._.
.............#.7.7.7
...##...##...# ..
#...##...# .7
#..<##...# ..
######...# .# #....
. +..... #......


You could see Menkaure (fast).

Vanquished Creatures
  Grinder (D:3)
  Edmund (D:6)
  A water moccasin (D:5)
  An ice beast (D:5)
  A black bear (D:5)
  A centaur (D:6)
  A scorpion (D:4)
  A hound (D:5)
  A jelly (D:6)
  2 iguanas
  A sleepcap (D:4)
  Natasha (thrice) (D:2)
  Terence (D:2)
  An orc wizard (D:4)
  12 adders
  4 worms
  A dart slug (D:4)
  4 orcs
  5 bats
  4 endoplasms
  4 giant cockroaches
  9 goblins
  6 hobgoblins
  9 jackals
  A quokka (D:4)
  8 ball pythons
  2 frilled lizards
  12 kobolds
  2 rats (D:2)
100 creatures vanquished.

Notes
Turn   | Place    | Note
-------+----------+-------------------------------------------
     0 | D:1      | qw the Gargoyle Fighter began the quest for the Orb.
     0 | D:1      | Reached XP level 1. HP: 14/14 MP: 1/1
     0 | D:1      | 0 ||| qw: Version: 0.2-a-29-gd901d54
     0 | D:1      | 0 ||| qw: Game counter: 4015
     0 | D:1      | 0 ||| qw: Always use a shield: true
     0 | D:1      | 0 ||| qw: God list: Okawaru
     0 | D:1      | 0 ||| qw: Allow faded altars: false
     0 | D:1      | 0 ||| qw: Do Orc after D:15 true
     0 | D:1      | 0 ||| qw: Do second Lair branch before Depths: true
     0 | D:1      | 0 ||| qw: Lair rune preference: random
     0 | D:1      | 0 ||| qw: Plans: Normal, Zot:1-4, Slime:5, God:TSO, Crypt,
                  | Tomb, Abyss, Pan, Hells, Win
     0 | D:1      | 0 ||| PLANNING D:1-11
   116 | D:1      | Reached skill level 2 in Axes
   148 | D:1      | 148 ||| Stepping ~*~*~tactically~*~*~ (stealth).
   215 | D:1      | Reached XP level 2. HP: 19/19 MP: 2/2
   493 | D:1      | 493 ||| Stepping ~*~*~tactically~*~*~ (stealth).
   500 | D:1      | 500 ||| Stepping ~*~*~tactically~*~*~ (stealth).
   812 | D:1      | 812 ||| UPGRADING to +1 pair of gloves.
   817 | D:1      | 817 ||| UPGRADING to ring of see invisible.
   818 | D:1      | 818 ||| READING scroll labelled OPHEYNUFOO.
   823 | D:1      | 823 ||| READING 5 scrolls labelled VYNIBU DUAT.
   824 | D:1      | 824 ||| READING 4 scrolls of identify.
   824 | D:1      | 824 ||| IDENTIFYING fuming green potion
   943 | D:2      | Reached skill level 3 in Axes
   943 | D:2      | Reached XP level 3. HP: 22/23 MP: 3/3
   948 | D:2      | Noticed Natasha
   954 | D:2      | Killed Natasha
   955 | D:2      | Reached skill level 1 in Throwing
  1070 | D:2      | Reached XP level 4. HP: 28/28 MP: 4/4
  1145 | D:2      | Noticed Natasha
  1147 | D:2      | 1147 ||| Stepping ~*~*~tactically~*~*~ (hiding).
  1159 | D:2      | Killed Natasha
  1169 | D:2      | Noticed Natasha
  1170 | D:2      | 1170 ||| FLEEEEING.
  1171 | D:2      | 1171 ||| FLEEEEING.
  1172 | D:2      | 1172 ||| FLEEEEING.
  1173 | D:2      | 1173 ||| FLEEEEING.
  1174 | D:2      | 1174 ||| FLEEEEING.
  1174 | D:2      | HP: 7/28 [Natasha/magic dart (9)]
  1175 | D:2      | 1175 ||| FLEEEEING.
  1176 | D:2      | 1176 ||| FLEEEEING.
  1179 | D:2      | 1179 ||| FLEEEEING.
  1180 | D:2      | 1180 ||| FLEEEEING.
  1181 | D:2      | 1181 ||| FLEEEEING.
  1182 | D:2      | 1182 ||| FLEEEEING.
  1183 | D:2      | 1183 ||| FLEEEEING.
  1184 | D:2      | 1184 ||| FLEEEEING.
  1193 | D:2      | Killed Natasha
  1194 | D:2      | Reached skill level 4 in Axes
  1283 | D:2      | Noticed Terence
  1284 | D:2      | 1284 ||| Stepping ~*~*~tactically~*~*~ (stealth).
  1288 | D:2      | Reached XP level 5. HP: 32/32 MP: 5/5
  1298 | D:2      | 1298 ||| Stepping ~*~*~tactically~*~*~ (stealth).
  1300 | D:2      | 1300 ||| Stepping ~*~*~tactically~*~*~ (stealth).
  1306 | D:2      | 1306 ||| Stepping ~*~*~tactically~*~*~ (hiding).
  1331 | D:2      | 1331 ||| Stepping ~*~*~tactically~*~*~ (stealth).
  1375 | D:2      | 1375 ||| Stepping ~*~*~tactically~*~*~ (stealth).
  1387 | D:2      | Killed Terence
  1806 | D:2      | 1806 ||| UPGRADING to +0 chain mail.
  1816 | D:2      | 1816 ||| DROPPING +0 scale mail.
  1817 | D:2      | 1817 ||| READING scroll labelled WYOKHL YBIAJ.
  1818 | D:2      | 1818 ||| READING scroll labelled OCWAMIJUDY.
  1819 | D:2      | 1819 ||| READING 3 scrolls of identify.
  1819 | D:2      | 1819 ||| IDENTIFYING fizzy dark potion
  1820 | D:2      | 1820 ||| READING 2 scrolls of identify.
  1820 | D:2      | 1820 ||| IDENTIFYING sedimented golden potion
  1821 | D:2      | 1821 ||| DROPPING potion of brilliance.
  1934 | D:3      | Noticed Grinder
  1934 | D:3      | Paralysed by Grinder for 3 turns
  1939 | D:3      | 1939 ||| Stepping ~*~*~tactically~*~*~ (hiding).
  1944 | D:3      | Reached skill level 5 in Axes
  1952 | D:3      | Killed Grinder
  1953 | D:3      | Reached XP level 6. HP: 40/40 MP: 6/6
  1999 | D:3      | 1999 ||| Stepping ~*~*~tactically~*~*~ (stealth).
  2000 | D:3      | 2000 ||| Stepping ~*~*~tactically~*~*~ (stealth).
  2001 | D:3      | 2001 ||| Stepping ~*~*~tactically~*~*~ (stealth).
  2003 | D:3      | 2003 ||| Stepping ~*~*~tactically~*~*~ (stealth).
  2007 | D:3      | Found a runed translucent door.
  2007 | D:3      | Noticed qw's ghost (amateur GrHu)
  2008 | D:3      | 2008 ||| Stepping ~*~*~tactically~*~*~ (hiding).
  2395 | D:3      | 2395 ||| Stepping ~*~*~tactically~*~*~ (stealth).
  2536 | D:3      | Identified the +7 whip of the Dwarven Hall {venom, Int+4
                  | Dex+5}
  2549 | D:3      | Found a faded altar of an unknown god.
  2566 | D:3      | Reached XP level 7. HP: 44/44 MP: 7/7
  2622 | D:3      | Found Gagit's Antique Armour Shoppe.
  2626 | D:3      | 2626 ||| SHOPLISTING +10 tower shield of Ignorance {rN+
                  | Int-4} (1661 gold, have 128).
  2626 | D:3      | 2626 ||| SHOPLISTING runed cloak (217 gold, have 128).
  2626 | D:3      | 2626 ||| SHOPLISTING runed plate armour (754 gold, have
                  | 128).
  2626 | D:3      | 2626 ||| SHOPLISTING shiny scale mail (203 gold, have 128).
  2733 | D:3      | 2733 ||| READING scroll labelled NUAR XACUTTI.
  2734 | D:3      | 2734 ||| READING scroll labelled SOJECSARIL.
  2850 | D:4      | 2850 ||| Stepping ~*~*~tactically~*~*~ (hiding).
  2851 | D:4      | 2851 ||| Stepping ~*~*~tactically~*~*~ (hiding).
  2852 | D:4      | 2852 ||| Stepping ~*~*~tactically~*~*~ (hiding).
  2865 | D:4      | 2865 ||| Stepping ~*~*~tactically~*~*~ (stealth).
  2902 | D:4      | 2902 ||| Stepping ~*~*~tactically~*~*~ (stealth).
  2903 | D:4      | 2903 ||| Stepping ~*~*~tactically~*~*~ (stealth).
  2937 | D:4      | 2937 ||| Stepping ~*~*~tactically~*~*~ (stealth).
  2938 | D:4      | 2938 ||| Stepping ~*~*~tactically~*~*~ (stealth).
  3415 | D:4      | 3415 ||| Stepping ~*~*~tactically~*~*~ (hiding).
  3421 | D:4      | Reached skill level 6 in Axes
  3594 | D:4      | Found Luhoj's Jewellery Emporium.
  3608 | D:4      | 3608 ||| SHOPLISTING +5 ring of evasion (468 gold, have
                  | 242).
  3608 | D:4      | 3608 ||| SHOPLISTING amulet of faith (520 gold, have 242).
  3608 | D:4      | 3608 ||| SHOPLISTING amulet of the acrobat (390 gold, have
                  | 242).
  3608 | D:4      | 3608 ||| SHOPLISTING ring of ice (325 gold, have 242).
  3608 | D:4      | 3608 ||| SHOPLISTING ring of protection from fire (325
                  | gold, have 242).
  3608 | D:4      | 3608 ||| BUYING ring of see invisible (195 gold).
  3608 | D:4      | Bought a ring of see invisible for 195 gold pieces
  3768 | D:4      | 3768 ||| READING scroll labelled SUOH WICZEKH.
  3869 | D:4      | 3869 ||| DRINKING 2 sedimented orange potions.
  3870 | D:4      | 3870 ||| DRINKING 3 purple potions.
  3975 | D:4      | 3975 ||| READING 3 scrolls of identify.
  3975 | D:4      | 3975 ||| IDENTIFYING yellow potion
  3976 | D:4      | 3976 ||| READING 2 scrolls of identify.
  3976 | D:4      | 3976 ||| IDENTIFYING brown potion
  3977 | D:4      | 3977 ||| DROPPING potion of invisibility.
  3978 | D:4      | 3978 ||| DROPPING 2 potions of berserk rage.
  4027 | D:5      | Entered Level 5 of the Dungeon
  4412 | D:5      | 4412 ||| Stepping ~*~*~tactically~*~*~ (stealth).
  4431 | D:5      | Reached XP level 8. HP: 45/49 MP: 8/8
  4453 | D:5      | Found Sin Gunu's Book Emporium.
  4593 | D:5      | Reached skill level 7 in Axes
  4727 | D:5      | 4727 ||| UPGRADING to +4 ring of protection.
  4728 | D:5      | 4728 ||| DROPPING ring of see invisible.
  4784 | D:6      | Found an iron altar of Okawaru.
  4785 | D:6      | 4785 ||| PLANNING OKAWARU WORSHIP
  4785 | D:6      | 4785 ||| Stepping ~*~*~tactically~*~*~ (hiding).
  4787 | D:6      | Noticed Edmund
  4802 | D:6      | Noticed Menkaure
  4808 | D:6      | Killed Edmund
  4816 | D:6      | HP: 4/49 [Menkaure (13)]
  4817 | D:6      | 4817 ||| DRINKING potion of heal wounds.
  4822 | D:6      | Slain by Menkaure

Levels and vault maps discovered:
D:1:      minmay_arrival_arboretum_large, layout_basic, minmay_split_cup_large
D:2:      layout_basic, nicolae_kite_square_tiling_tiny, moated_statue,
          due_unseen_surprise, uniq_natasha, uniq_terence
D:3:      layout_loops_ring, hellmonk_ghost_happy_afterlife, serial_shops, shop,
          dreamdust_ecumenical_altar_angels_and_demons, minmay_misc_feat_plants,
          uniq_grinder
D:4:      minmay_chambers_of_twos, layout_basic, serial_shops, shop,
          kennysheep_generic_room_16
D:5:      layout_basic, serial_shops, nicolae_shop_hallway_plus
D:6:      layout_gridville, okawaru_trees_1, old_standard_altar,
          minmay_temple_entry_nine_rooms, uniq_menkaure, uniq_edmund

Skill      XL: |  1  2  3  4  5  6  7  8 |
---------------+-------------------------+-----
Axes           | 2 3 4 5 6 7 |  7.5
Throwing       | 1 2 |  2.5
Fighting       | 5 |  5.2
Dodging        | 2 |  2.0
Armour         | |  3.2
Shields        | |  3.2

Action                     |  1- 3 |  4- 6 |  7- 9 || total
---------------------------+-------+-------+-------++-------
  Melee: War axe           |    79 |   133 |   174 ||   386
    Use: Scroll            |     3 |     4 |     5 ||    12
         Potion            |       |       |     3 ||     3
 Armour: Scale mail        |    47 |    46 |       ||    93
         Chain mail        |       |    15 |   105 ||   120
  Dodge: Dodged            |    38 |    43 |    67 ||   148
  Block: Buckler           |    13 |    21 |    30 ||    64

Table legend:
 A = Non-vault XP
 B = Vault XP
 C = Vault XP percentage of total XP
 D = Non-vault monster count
 E = Vault monster count
 F = Vault count percentage of total count
                 A         B        C        D         E       F
            +---------+---------+-------+---------+---------+-------
      Total |    1106 |     596 |  35.0 |      81 |      19 |  19.0
            +---------+---------+-------+---------+---------+-------
        D:1 |      15 |       6 |  28.6 |       8 |       4 |  33.3
        D:2 |     159 |      72 |  31.2 |      25 |       2 |   7.4
        D:3 |     115 |     258 |  69.2 |      21 |       1 |   4.5
        D:4 |     104 |      89 |  46.1 |      11 |      11 |  50.0
        D:5 |     534 |       0 |   0.0 |      12 |       0 |   0.0
        D:6 |     179 |     171 |  48.9 |       4 |       1 |  20.0
            +---------+---------+-------+---------+---------+-------
